 Dungeon Crawl Stone Soup version 0.31-a0-216-g22e908daa7 (webtiles) character file.

Game seed: 14226144676997235161

176 qw the Shooter (level 5, -6/45 HPs)
             Began as a Minotaur Hexslinger on July 1, 2023.
             Mangled by Edmund
             ... wielding a +2 flail of protection
              (11 damage)
             ... on level 4 of the Dungeon.
             The game lasted 00:00:41 (2406 turns).

qw the Shooter (Minotaur Hexslinger)                Turns: 2406, Time: 00:00:42

Health: -6/45      AC:  2    Str: 13    XL:     5   Next: 30%
Magic:  5/5        EV: 12    Int: 10    God:
Gold:   96         SH:  0    Dex: 14    Spells: 5/6 levels left

rFire   . . .        Y - +1 sling
rCold   . . .        (no shield)
rNeg    . . .        c - +0 robe
rPois   .            (helmet restricted)
rElec   .            (no cloak)
rCorr   +            (no gloves)
SInv    .            (no boots)
Will    .....        (no amulet)
Stlth   +            f - ring of resist corrosion
HPRegen 0.27/turn    (no ring)
MPRegen 0.09/turn

%: no passive effects
@: no status effects
A: horns 2, retaliatory headbutt
a: no special abilities


You were on level 4 of the Dungeon.
You visited 1 branch of the dungeon, and saw 4 of its levels.

You collected 96 gold pieces.


Innate Abilities, Weirdness & Mutations

You have a pair of horns on your head.
You reflexively headbutt those who attack you in melee.


   Skills:
 - Level 3.4 Fighting
 + Level 5.3 Ranged Weapons
 - Level 2.1 Dodging
 - Level 1.0 Spellcasting
 - Level 2.0 Hexes


You had 5 spell levels left.
You knew the following spells:

 Your Spells              Type           Power      Damage    Failure   Level
a - Slow                  Hex            16%        N/A       16%         1

Your spell library contained the following spells:

 Spells                   Type           Power      Damage    Failure   Level
 Inner Flame              Hex/Fire       2%         N/A       56%         3
 Portal Projectile        Hex/Tloc       4%         N/A       56%         3
 Cause Fear               Hex            2%         N/A       83%         4

Inventory:

Hand Weapons
 Y - a +1 sling (weapon)
Armour
 c - a +0 robe (worn)
 d - a +1 hat
Jewellery
 f - a ring of resist corrosion (left hand)
Scrolls
 a - a scroll of identify
 g - a scroll of amnesia {unknown}
Potions
 b - a potion of might {unknown}
 e - 2 potions of curing

Dungeon Overview and Level Annotations

Branches:
Dungeon (4/15)
 Temple: D:4-7

Altars:
Cheibriados
Qazlal

Annotations:
D:4 Edmund


Message History

You kill the scorpion!
Your Fighting skill increases to level 3!
You have reached level 5!
You now have 96 gold pieces (gained 16).
Found a dagger.
Enter note:
Enter note: Edmund the Younger comes into view.
He is wielding a +2 flail of protection and wearing a +1 chain mail of cold resistance.
Found an escape hatch in the ceiling.
Enter note:
Enter note: You shoot a sling bullet.
The sling bullet hits Edmund but does no damage.
You shoot a sling bullet.
The sling bullet hits Edmund but does no damage.
You shoot a sling bullet. The sling bullet barely misses Edmund.
You shoot a sling bullet.
The sling bullet hits Edmund but does no damage.
You see here a scorpion corpse.
Enter note:
Enter note: You shoot a sling bullet.
The sling bullet hits Edmund but does no damage.
Edmund hits you with a +2 flail of protection! x2
You shoot a sling bullet.
The sling bullet hits Edmund but does no damage.
Edmund hits you with a +2 flail of protection!
You shoot a sling bullet.
The sling bullet hits Edmund but does no damage.
Edmund hits you with a +2 flail of protection!
You shoot a sling bullet.
The sling bullet hits Edmund but does no damage.
Edmund barely misses you.
You shoot a sling bullet. The sling bullet closely misses Edmund.
Edmund says, "Everyone always remembers my brother. 'Who's Edmund?' they ask!"
Edmund hits you with a +2 flail of protection.
You shoot a sling bullet.
The sling bullet hits Edmund but does no damage.
Edmund hits you with a +2 flail of protection!
You die...

+##...%#........#......
.#.....#........#......
.....#........#........
##..##........#......).
#...#.........#........
#.....#..........)..##
...........##....#....
##...............#.##...
.......###.<....@@......
......#.##..............
......#.#...............
#..#..................#.
####...####...........#
##.#....##............
#........#..##..<.....
#........... .........
##..<......#


You could see Edmund.

Vanquished Creatures
  2 scorpions (D:4)
  An adder (D:3)
  A dart slug (D:3)
  4 orcs (D:3)
  5 endoplasms
  3 giant cockroaches
  5 goblins
  4 hobgoblins
  2 jackals (D:1)
  4 kobolds
  A quokka (D:1)
  5 ball pythons
  3 bats (D:1)
  3 frilled lizards
  2 rats
45 creatures vanquished.

Notes
Turn   | Place    | Note
-------+----------+-------------------------------------------
     0 | D:1      | qw the Minotaur Hexslinger began the quest for the Orb.
     0 | D:1      | Reached XP level 1. HP: 16/16 MP: 1/1
     0 | D:1      | 0 ||| qw: Version: 0.3-a-35-g05ef00e
     0 | D:1      | 0 ||| qw: Game counter: 7757
     0 | D:1      | 0 ||| qw: Melee chars always use a shield: true
     0 | D:1      | 0 ||| qw: God list: Okawaru
     0 | D:1      | 0 ||| qw: Allow faded altars: false
     0 | D:1      | 0 ||| qw: Do Orc after clearing Dungeon:15 true
     0 | D:1      | 0 ||| qw: Do second Lair branch before Depths: true
     0 | D:1      | 0 ||| qw: Lair rune preference: random
     0 | D:1      | 0 ||| qw: Goals: Normal
     0 | D:1      | 0 ||| PLANNING D:1-11
   179 | D:1      | Reached skill level 3 in Ranged Weapons
   232 | D:1      | Reached XP level 2. HP: 23/23 MP: 2/2
   806 | D:1      | 806 ||| READING 2 scrolls labelled CAAC VAWOALUG.
   807 | D:1      | 807 ||| READING scroll labelled DUXAF MENK.
   808 | D:1      | 808 ||| READING scroll labelled QUYR HADUIMYPH.
   809 | D:1      | 809 ||| DROPPING scroll of poison.
  1418 | D:2      | Reached XP level 3. HP: 29/29 MP: 3/3
  1509 | D:2      | 1509 ||| UPGRADING to ring of resist corrosion.
  1510 | D:2      | 1510 ||| READING scroll labelled ENAZ HISAROOP.
  1514 | D:2      | 1514 ||| READING scroll labelled QEUC VOKKIXU.
  1515 | D:2      | 1515 ||| DRINKING 2 black potions.
  1587 | D:3      | Found a stormy altar of Qazlal.
  1588 | D:3      | Found a snail-covered altar of Cheibriados.
  1767 | D:3      | Reached skill level 4 in Ranged Weapons
  2221 | D:3      | 2221 ||| READING 3 scrolls of identify.
  2221 | D:3      | 2221 ||| IDENTIFYING lumpy clear potion
  2222 | D:3      | 2222 ||| READING 2 scrolls of identify.
  2222 | D:3      | 2222 ||| IDENTIFYING murky coppery potion
  2223 | D:3      | 2223 ||| DROPPING potion of berserk rage.
  2224 | D:3      | 2224 ||| DROPPING potion of degeneration.
  2291 | D:4      | Noticed a scorpion
  2302 | D:4      | Killed a scorpion
  2303 | D:4      | Reached skill level 5 in Ranged Weapons
  2303 | D:4      | Reached XP level 4. HP: 16/36 MP: 4/4
  2386 | D:4      | Noticed a scorpion
  2390 | D:4      | Killed a scorpion
  2391 | D:4      | Reached skill level 3 in Fighting
  2391 | D:4      | Reached XP level 5. HP: 45/45 MP: 5/5
  2395 | D:4      | Noticed Edmund
  2403 | D:4      | HP: 5/45 [Edmund/+2 flail of protection (11)]
  2406 | D:4      | Mangled by Edmund

Levels and vault maps discovered:
D:1:      tarquinn_simple_flora_water_f, layout_basic
D:2:      layout_basic
D:3:      layout_basic, chequers_temple_overflow_statue_of_worship
D:4:      minmay_wonky_spiral, layout_cave_pools,
          nicolae_wu_jian_immortal_techniques, minmay_misc_feat_four_crosses,
          uniq_edmund, uniq_menkaure, uniq_grinder

Skill      XL: |  1  2  3  4 |
---------------+-------------+-----
Ranged Weapons | 3 5 |  5.3
Fighting       | 2 3 |  3.4
Dodging        | |  2.1
Spellcasting   | |  1.0
Hexes          | |  2.0

Action                     |  1- 3 |  4- 6 || total
---------------------------+-------+-------++-------
   Fire: Sling             |   144 |    14 ||   158
    Use: Scroll            |     7 |       ||     7
         Potion            |     1 |       ||     1
 Armour: Robe              |     9 |       ||     9
  Dodge: Dodged            |    36 |     1 ||    37

Table legend:
 A = Non-vault XP
 B = Vault XP
 C = Vault XP percentage of total XP
 D = Non-vault monster count
 E = Vault monster count
 F = Vault count percentage of total count
                 A         B        C        D         E       F
            +---------+---------+-------+---------+---------+-------
      Total |     252 |       0 |   0.0 |      45 |       0 |   0.0
            +---------+---------+-------+---------+---------+-------
        D:1 |      27 |       0 |   0.0 |      18 |       0 |   0.0
        D:2 |      14 |       0 |   0.0 |       7 |       0 |   0.0
        D:3 |      49 |       0 |   0.0 |      18 |       0 |   0.0
        D:4 |     162 |       0 |   0.0 |       2 |       0 |   0.0
            +---------+---------+-------+---------+---------+-------
